NCAA
TEXAS CHRISTIAN HORNED FROGS @ PENN STATE NITTANY LIONS
05/10/2023
 
TOP OF THE 1ST
Texas Christian Horned Frogs batting - Pitching for Penn State Nittany Lions : RHP Charlie Keller
Pitching: RHP Charlie Keller
Batting: LHB Miguel Martínez 0-0: Called Strike
0-1: Swinging Strike
0-2: Ball
1-2: Ball
2-2: Ball
3-2: Fly out, F8 (Flyball, 8RM)
Batting: RHB Dave Anderson 0-0: Called Strike
0-1: Ball
1-1: Ball
2-1: Ball
3-1: Foul Ball, location: 2F
3-2: Foul Ball, location: 2F
3-2: Base on Balls
Batting: RHB Brett Murphy 0-0: Ball
1-0: Ball
2-0: Ball
3-0: Base on Balls
Dave Anderson to second
Batting: LHB Brenton Carter 0-0: Ball
1-0: Ball
2-0: Foul Ball, location: 2F
2-1: Foul Ball, location: 2F
2-2: Foul Ball, location: 2F
2-2: Foul Ball, location: 2F
2-2: Ball
3-2: Base on Balls
Dave Anderson to third
Brett Murphy to second
Batting: RHB Greg Carpenter 0-0: Ball
1-0: Foul Ball, location: 2F
1-1: Ball
2-1: Foul Ball, location: 2F
2-2: Strikes out swinging
Batting: RHB Anthony Walsh 0-0: Called Strike
0-1: GRAND SLAM HOME RUN (Line Drive, 7D), Distance : 348 ft
Batting: LHB Garrett Cabrera 0-0: Ball
1-0: Ball
2-0: Foul Ball, location: 2F
2-1: SINGLE (Groundball, 3L)
Batting: LHB Brandon Bingham 0-0: Called Strike
0-1: Reached on error, E1 (Groundball, 23)
Garrett Cabrera to second
Batting: LHB Dave Green 0-0: Called Strike
0-1: Foul Ball, location: 2F
0-2: Strikes out looking
Top of the 1st over - 4 run(s), 2 hit(s), 1 error(s), 2 left on base; Texas Christian 4 - Penn State 0
BOTTOM OF THE 1ST
Penn State Nittany Lions batting - Pitching for Texas Christian Horned Frogs : LHP Christian Green
Pitching: LHP Christian Green
Batting: RHB Raúl Ruíz 0-0: Ball
1-0: SINGLE (Line Drive, 4M)
Batting: RHB Bob Cole 0-0: Fly out, F8 (Flyball, 8RM)
Batting: RHB Sergio Gonzáles 0-0: SINGLE (Groundball, 6M)
Raúl Ruíz to second
Runner from 2nd tries for 3rd, SAFE, no throw or cutoff
Batting: RHB Tom Gordon 0-0: Called Strike
0-1: Foul Ball, location: 2F
0-2: Ball
1-2: Grounds into double play, 5-4-3 (Groundball, 56)
Bottom of the 1st over - 0 run(s), 2 hit(s), 0 error(s), 1 left on base; Texas Christian 4 - Penn State 0
TOP OF THE 2ND
Texas Christian Horned Frogs batting - Pitching for Penn State Nittany Lions : RHP Charlie Keller
Batting: LHB Miguel Martínez 0-0: Fly out, F8 (Flyball, 8LM)
Batting: RHB Dave Anderson 0-0: Ball
1-0: Ground out 2-3 (Groundball, 23)
Batting: RHB Brett Murphy 0-0: Foul Ball, location: 2F
0-1: Foul Ball, location: 2F
0-2: Ball
1-2: Ground out 6-3 (Groundball, 56D)
Top of the 2nd over - 0 run(s), 0 hit(s), 0 error(s), 0 left on base; Texas Christian 4 - Penn State 0
BOTTOM OF THE 2ND
Penn State Nittany Lions batting - Pitching for Texas Christian Horned Frogs : LHP Christian Green
Batting: RHB William Rogers 0-0: Ball
1-0: SINGLE (Line Drive, 56D)
Batting: SHB Jim Gibson 0-0: Ball
1-0: Grounds into double play, 4-6-3 (Groundball, 4)
Batting: RHB Jim Anderson 0-0: Called Strike
0-1: Called Strike
0-2: Foul Ball, location: 2F
0-2: Ball
1-2: Ball
2-2: Foul Ball, location: 2F
2-2: Strikes out swinging
Bottom of the 2nd over - 0 run(s), 1 hit(s), 0 error(s), 0 left on base; Texas Christian 4 - Penn State 0
TOP OF THE 3RD
Texas Christian Horned Frogs batting - Pitching for Penn State Nittany Lions : RHP Charlie Keller
Batting: LHB Brenton Carter 0-0: Ball
1-0: SINGLE (Flyball, 78S)
Batting: RHB Greg Carpenter 0-0: Foul Ball, location: 2F
0-1: Fly out, F7 (Flyball, 7M)
Batting: RHB Anthony Walsh 0-0: Foul Ball, location: 2F
0-1: Foul Ball, location: 2F
0-2: Ball
1-2: Ball
2-2: Strikes out swinging
Batting: LHB Garrett Cabrera 0-0: SINGLE (Groundball, 3S)
Brenton Carter to second
Runner from 2nd tries for 3rd, SAFE, throw made to third
Batting: LHB Brandon Bingham 0-0: Ball
1-0: Swinging Strike
1-1: Ball
2-1: Ball
3-1: Base on Balls
Garrett Cabrera to second
Batting: LHB Dave Green 0-0: Ball
1-0: Called Strike
1-1: GRAND SLAM HOME RUN (Flyball, 78XD), Distance : 366 ft
Batting: LHB Miguel Martínez 0-0: Ball
1-0: DOUBLE (Line Drive, 89S)
Pitching: RHP Derrick Reynolds
Batting: RHB Dave Anderson 0-0: Ball
1-0: Foul Ball, location: 2F
1-1: Swinging Strike
1-2: Foul Ball, location: 2F
1-2: Ball
2-2: Fly out, F4 (Popup, 4)
Top of the 3rd over - 4 run(s), 4 hit(s), 0 error(s), 1 left on base; Texas Christian 8 - Penn State 0
BOTTOM OF THE 3RD
Penn State Nittany Lions batting - Pitching for Texas Christian Horned Frogs : LHP Christian Green
Batting: RHB Johnny Hood 0-0: Ball
1-0: Ball
2-0: Ground out 5-3 (Groundball, 56S)
Batting: RHB Tony Jones 0-0: Ball
1-0: Ball
2-0: Ball
3-0: Base on Balls
Batting: RHB Raúl Ruíz 0-0: Foul Ball, location: 2F
0-1: Foul Ball, location: 2F
0-2: Ball
1-2: Ball
2-2: Foul Ball, location: 2F
Balk!
Tony Jones to second
2-2: Foul Ball, location: 2F
2-2: Fly out, F9 (Flyball, 9D)
Runner from 2nd tags up, SAFE at 3rd, no throw
Batting: RHB Bob Cole 0-0: Called Strike
0-1: Foul Ball, location: 2F
0-2: Ground out 5-3 (Groundball, 56)
Bottom of the 3rd over - 0 run(s), 0 hit(s), 0 error(s), 1 left on base; Texas Christian 8 - Penn State 0
TOP OF THE 4TH
Texas Christian Horned Frogs batting - Pitching for Penn State Nittany Lions : RHP Derrick Reynolds
Batting: RHB Brett Murphy 0-0: Foul Ball, location: 2F
0-1: Foul Ball, location: 2F
0-2: Ball
1-2: Ground out 4-3 (Groundball, 4)
Batting: LHB Brenton Carter 0-0: Foul Ball, location: 2F
0-1: Ball
1-1: Swinging Strike
1-2: Ball
2-2: Strikes out looking
Batting: RHB Greg Carpenter 0-0: Called Strike
0-1: Ball
1-1: Ball
2-1: Foul Ball, location: 2F
2-2: SINGLE (Groundball, 34D)
Batting: RHB Anthony Walsh 0-0: Ball
1-0: Swinging Strike
1-1: SINGLE (Groundball, 56D)
Greg Carpenter to second
Batting: LHB Garrett Cabrera 0-0: Ground out 4-3 (Groundball, 34)
Top of the 4th over - 0 run(s), 2 hit(s), 0 error(s), 2 left on base; Texas Christian 8 - Penn State 0
BOTTOM OF THE 4TH
Penn State Nittany Lions batting - Pitching for Texas Christian Horned Frogs : LHP Christian Green
Batting: RHB Sergio Gonzáles 0-0: Ball
1-0: Foul Ball, location: 2F
1-1: Ball
2-1: Ball
3-1: DOUBLE (Line Drive, 89M)
Batting: RHB Tom Gordon 0-0: Called Strike
0-1: Ball
1-1: Ball
2-1: SINGLE (Line Drive, 6MD)
Sergio Gonzáles to third
Batting: RHB William Rogers 0-0: Called Strike
0-1: Ball
1-1: Swinging Strike
1-2: Foul Ball, location: 2F
1-2: Foul Ball, location: 2F
1-2: Strikes out looking
Batting: SHB Jim Gibson 0-0: Called Strike
0-1: Ball
1-1: Foul Ball, location: 2F
1-2: Ball
2-2: SINGLE (Line Drive, 8RS)
Sergio Gonzáles scores
Tom Gordon to second
Batting: RHB Jim Anderson 0-0: Ball
1-0: Ball
2-0: 3-RUN HOME RUN (Flyball, 7LD), Distance : 329 ft
Batting: RHB Johnny Hood 0-0: Ball
1-0: Ball
2-0: Foul Ball, location: 2F
2-1: Ball
3-1: Foul Ball, location: 2F
3-2: Foul Ball, location: 2F
3-2: Foul Ball, location: 2F
3-2: Foul Ball, location: 2F
3-2: Foul Ball, location: 2F
3-2: Foul Ball, location: 2F
3-2: Base on Balls
Batting: RHB Tony Jones 0-0: Ball
1-0: Called Strike
1-1: 2-RUN HOME RUN (Flyball, 89XD), Distance : 363 ft
Batting: RHB Raúl Ruíz 0-0: Called Strike
0-1: Ball
1-1: Fly out, F8 (Flyball, 8LM)
Batting: RHB Bob Cole 0-0: Swinging Strike
0-1: Foul Ball, location: 2F
0-2: Ball
1-2: Ball
2-2: Foul Ball, location: 2F
2-2: Foul Ball, location: 2F
2-2: Strikes out looking
Bottom of the 4th over - 6 run(s), 5 hit(s), 0 error(s), 0 left on base; Texas Christian 8 - Penn State 6
TOP OF THE 5TH
Texas Christian Horned Frogs batting - Pitching for Penn State Nittany Lions : RHP Derrick Reynolds
Batting: LHB Brandon Bingham 0-0: Ball
1-0: Ball
2-0: Ball
3-0: Foul Ball, location: 2F
3-1: Swinging Strike
3-2: Foul Ball, location: 2F
3-2: Strikes out swinging
Batting: LHB Dave Green 0-0: Ball
1-0: Ground out 1-3 (Groundball, 23)
Batting: LHB Miguel Martínez 0-0: Called Strike
0-1: Foul Ball, location: 2F
0-2: SINGLE (Groundball, 34D)
Batting: RHB Dave Anderson 0-0: Ball
1-0: Foul Ball, location: 2F
1-1: Ball
2-1: Foul Ball, location: 2F
2-2: Strikes out swinging
Top of the 5th over - 0 run(s), 1 hit(s), 0 error(s), 1 left on base; Texas Christian 8 - Penn State 6
BOTTOM OF THE 5TH
Penn State Nittany Lions batting - Pitching for Texas Christian Horned Frogs : LHP Christian Green
Pitching: RHP Ralph Lambert
Batting: RHB Sergio Gonzáles 0-0: Swinging Strike
0-1: Ground out 5-3 (Groundball, 5S)
Batting: RHB Tom Gordon 0-0: Ground out 4-3 (Groundball, 4M)
Batting: RHB William Rogers 0-0: Foul Ball, location: 2F
0-1: Ball
1-1: SINGLE (Groundball, 56)
Batting: SHB Jim Gibson 0-0: Ball
Wild Pitch!
William Rogers to second
1-0: Ball
2-0: Called Strike
2-1: Ball
3-1: Called Strike
3-2: Foul Ball, location: 2F
3-2: Foul Ball, location: 2F
3-2: Base on Balls
Batting: RHB Jim Anderson 0-0: Foul Ball, location: 2F
0-1: Called Strike
0-2: Ball
1-2: Strikes out swinging
Bottom of the 5th over - 0 run(s), 1 hit(s), 0 error(s), 2 left on base; Texas Christian 8 - Penn State 6
TOP OF THE 6TH
Texas Christian Horned Frogs batting - Pitching for Penn State Nittany Lions : RHP Derrick Reynolds
Batting: RHB Brett Murphy 0-0: Ground out 1-3 (Groundball, 15S)
Batting: LHB Brenton Carter 0-0: Called Strike
0-1: Fly out, F8 (Flyball, 8RM)
Batting: RHB Greg Carpenter 0-0: Called Strike
0-1: Fly out, F9 (Flyball, 89M)
Top of the 6th over - 0 run(s), 0 hit(s), 0 error(s), 0 left on base; Texas Christian 8 - Penn State 6
BOTTOM OF THE 6TH
Penn State Nittany Lions batting - Pitching for Texas Christian Horned Frogs : RHP Ralph Lambert
Batting: RHB Johnny Hood 0-0: SOLO HOME RUN (Line Drive, 7D), Distance : 364 ft
Batting: RHB Tony Jones 0-0: Ball
1-0: Foul Ball, location: 2F
1-1: Swinging Strike
1-2: Ball
2-2: Strikes out swinging
Batting: RHB Raúl Ruíz 0-0: Ball
1-0: Ground out 1-3 (Groundball, 13)
Batting: RHB Bob Cole 0-0: Ball
1-0: Ground out 6-3 (Groundball, 6)
Bottom of the 6th over - 1 run(s), 1 hit(s), 0 error(s), 0 left on base; Texas Christian 8 - Penn State 7
TOP OF THE 7TH
Texas Christian Horned Frogs batting - Pitching for Penn State Nittany Lions : RHP Derrick Reynolds
Pitching: LHP Bryce Johnston
Batting: RHB Anthony Walsh 0-0: Ball
1-0: Foul Ball, location: 2F
1-1: Foul Ball, location: 2F
1-2: Strikes out swinging
Batting: LHB Garrett Cabrera 0-0: Ball
1-0: Ball
2-0: Swinging Strike
2-1: Foul Ball, location: 2F
2-2: Ball
3-2: Base on Balls
Batting: LHB Brandon Bingham 0-0: Ball
Garrett Cabrera steals 2nd base
1-0: Ball
2-0: Foul Ball, location: 2F
2-1: Ball
3-1: Base on Balls
Batting: LHB Dave Green 0-0: Ball
Wild Pitch!
Garrett Cabrera to third
Brandon Bingham to second
1-0: SINGLE (Line Drive, 4MD)
Garrett Cabrera scores
Brandon Bingham to third
Runner from 3rd tries for Home, throw and OUT!
Batting: LHB Miguel Martínez 0-0: Ground out 1-3 (Groundball, 13S)
Top of the 7th over - 1 run(s), 1 hit(s), 0 error(s), 1 left on base; Texas Christian 9 - Penn State 7
BOTTOM OF THE 7TH
Penn State Nittany Lions batting - Pitching for Texas Christian Horned Frogs : RHP Ralph Lambert
Pitching: RHP Jeff Smith
Batting: RHB Sergio Gonzáles 0-0: SOLO HOME RUN (Flyball, 7LD), Distance : 312 ft
Batting: RHB Tom Gordon 0-0: SINGLE (Groundball, 34)
Batting: RHB William Rogers 0-0: Ball
1-0: Ball
2-0: Grounds into double play, 5-4-3 (Groundball, 5)
Batting: SHB Jim Gibson 0-0: Ball
1-0: Called Strike
1-1: Ground out 4-3 (Groundball, 13)
Bottom of the 7th over - 1 run(s), 2 hit(s), 0 error(s), 0 left on base; Texas Christian 9 - Penn State 8
TOP OF THE 8TH
Texas Christian Horned Frogs batting - Pitching for Penn State Nittany Lions : LHP Bryce Johnston
Batting: RHB Dave Anderson 0-0: Ball
1-0: Ball
2-0: Called Strike
2-1: Foul Ball, location: 2F
2-2: SINGLE (Flyball, 6MD)
Batting: RHB Brett Murphy 0-0: Called Strike
0-1: Ball
1-1: Ground out 5-3 (Groundball, 56S)
Dave Anderson to second
Batting: LHB Brenton Carter 0-0: Called Strike
0-1: Foul Ball, location: 2F
0-2: SINGLE (Groundball, 4MD)
Dave Anderson to third
Runner from 3rd tries for Home, SAFE, no throw or cutoff
Batting: RHB Greg Carpenter 0-0: SINGLE (Line Drive, 9LS)
Brenton Carter to second
Batting: RHB Anthony Walsh 0-0: Ball
1-0: Reached on error, E5 (Groundball, 5S)
Brenton Carter to third
Greg Carpenter to second
Batting: LHB Garrett Cabrera 0-0: Called Strike
0-1: Ball
1-1: Swinging Strike
1-2: Foul Ball, location: 2F
1-2: Ball
2-2: Strikes out swinging
Batting: LHB Brandon Bingham 0-0: Called Strike
0-1: Ball
1-1: Ball
2-1: Fly out, F8 (Flyball, 78M)
Top of the 8th over - 1 run(s), 3 hit(s), 1 error(s), 3 left on base; Texas Christian 10 - Penn State 8
BOTTOM OF THE 8TH
Penn State Nittany Lions batting - Pitching for Texas Christian Horned Frogs : RHP Jeff Smith
Batting: RHB Jim Anderson 0-0: Called Strike
0-1: Called Strike
0-2: Foul Ball, location: 2F
0-2: Fly out, F8 (Flyball, 78M)
Batting: RHB Johnny Hood 0-0: Called Strike
0-1: SOLO HOME RUN (Flyball, 78XD), Distance : 377 ft
Pitching: RHP Tony Collins
Batting: RHB Tony Jones 0-0: Ball
1-0: Ball
2-0: Ball
3-0: Base on Balls
Batting: RHB Raúl Ruíz 0-0: Swinging Strike
0-1: Foul Ball, location: 2F
0-2: Strikes out looking
Batting: RHB Bob Cole 0-0: Ball
Wild Pitch!
Tony Jones to second
1-0: Ball
2-0: Ground out 3-1 (Groundball, 34)
Bottom of the 8th over - 1 run(s), 1 hit(s), 0 error(s), 1 left on base; Texas Christian 10 - Penn State 9
TOP OF THE 9TH
Texas Christian Horned Frogs batting - Pitching for Penn State Nittany Lions : LHP Bryce Johnston
Pitching: LHP Felipe Díaz
Batting: LHB Dave Green 0-0: Ball
1-0: Called Strike
1-1: Ball
2-1: Ball
3-1: Ground out 4-3 (Groundball, 4)
Batting: LHB Miguel Martínez 0-0: Ball
1-0: Called Strike
1-1: Swinging Strike
1-2: Strikes out looking
Batting: RHB Dave Anderson 0-0: Fly out, F9 (Flyball, 89M)
Top of the 9th over - 0 run(s), 0 hit(s), 0 error(s), 0 left on base; Texas Christian 10 - Penn State 9
BOTTOM OF THE 9TH
Penn State Nittany Lions batting - Pitching for Texas Christian Horned Frogs : RHP Tony Collins
Pitching: LHP Pedro Guaderrama
Batting: RHB Sergio Gonzáles 0-0: Ball
1-0: Ball
2-0: Ball
3-0: Called Strike
3-1: Foul Ball, location: 2F
3-2: Strikes out swinging
Batting: RHB Tom Gordon 0-0: Called Strike
0-1: Fly out, F9 (Popup, 34D)
Batting: RHB William Rogers 0-0: Ball
1-0: Swinging Strike
1-1: Called Strike
1-2: Foul Ball, location: 2F
1-2: Ball
2-2: Foul Ball, location: 2F
2-2: Foul Ball, location: 2F
2-2: Foul Ball, location: 2F
2-2: Foul Ball, location: 2F
2-2: Fly out, F4 (Popup, 4D)
Bottom of the 9th over - 0 run(s), 0 hit(s), 0 error(s), 0 left on base; Texas Christian 10 - Penn State 9
This league is powered by Out of the Park Baseball, the baseball management simulation game for PC, Mac and Linux
Wednesday, December 2nd, 2015 - OOTP Baseball 16.8 Build 38